 Dungeon Crawl Stone Soup version 0.30.0-15-g856e2d3f33 (webtiles) character file.

Game seed: 10606711737754808563

64284 Strat the Severer (level 14, -11/127 HPs)
             Began as a Minotaur Berserker on May 19, 2023.
             Was the Champion of Trog.
             Mangled by a +7 long sword (19 damage)
             ... on level 14 of the Dungeon.
             The game lasted 00:53:50 (10345 turns).

Strat the Severer (Minotaur Berserker)             Turns: 10345, Time: 00:53:51

Health: -11/127    AC: 26    Str: 26    XL:     14   Next: 71%
Magic:  13/13      EV: 20    Int:  4    God:    Trog [******]
Gold:   2170       SH: 12    Dex: 11    Spells: 13/13 levels left

rFire   + . .        a - +5 broad axe (flame)
rCold   . . .        J - +2 buckler {AC+3}
rNeg    + . .        d - +2 plate armour {Will+}
rPois   .            (helmet restricted)
rElec   +            R - +1 cloak {Stlth+}
rCorr   +            M - +0 pair of gloves {Stlth+}
SInv    .            E - +0 pair of boots
Will    +++++        S - amulet of reflection Stlth
                     O - ring of the Hare {EV+10}
HPRegen 1.41/turn    x - ring "Forget-Me-Not" {rElec rF+ rN+ Will+ rCorr}
MPRegen 0.13/turn

%: reflection
@: strong-willed, regenerating
A: horns 2, retaliatory headbutt
a: Renounce Religion, Berserk, Trog's Hand, Brothers in Arms


You were on level 14 of the Dungeon.
You worshipped Trog.
Trog was exalted by your worship.
You visited 4 branches of the dungeon, and saw 22 of its levels.
You also visited: Ossuary and Gauntlet.

You collected 2242 gold pieces.
You spent 72 gold pieces at shops.

Inventory:

Hand Weapons
 a - a +5 broad axe of flaming (weapon)
 P - a +3 antimagic executioner's axe
Missiles
 b - 13 javelins
 k - 6 datura-tipped darts (quivered)
 H - 5 throwing nets
Armour
 d - a +2 plate armour of willpower (worn)
 v - +0 swamp dragon scales
 E - a +0 pair of boots (worn)
 I - a +4 plate armour of willpower
 J - a +2 buckler of protection (worn)
 M - a +0 pair of gloves of stealth (worn)
 R - a +1 cloak of stealth (worn)
Jewellery
 u - a +4 ring of protection
 x - the ring "Forget-Me-Not" (right hand) {rElec rF+ rN+ Will+ rCorr}
   (You acquired it on level 8 of the Dungeon)

   [ring of willpower]

   rF:        It protects you from fire.
   rElec:     It insulates you from electricity.
   rN:        It protects you from negative energy.
   rCorr:     It protects you from acid and corrosion.
   Will:      It increases your willpower.
 A - a ring of protection from cold
 N - a ring of willpower
 O - the ring of the Hare (left hand) {EV+10}
   (You found it in a Gauntlet)

   [ring of evasion]

   EV:        It affects your evasion (+10).
 Q - an amulet of the acrobat
 S - an amulet of reflection (around neck)
 Y - the ring "Gedig" {Str+3 Int+6}
   (You found it in a Gauntlet)

   [ring of intelligence]

   Str:       It affects your strength (+3).
   Int:       It affects your intelligence (+6).
 Z - a ring of ice
Wands
 p - a wand of flame (37)
 s - a wand of charming (23)
 F - a wand of polymorph (15)
 G - a wand of acid (16)
 K - a wand of digging (7)
 T - a wand of roots (8)
Scrolls
 e - 8 scrolls of teleportation
 n - 2 scrolls of poison
 q - 2 scrolls of fog
 t - a scroll of fear
 w - a scroll of magic mapping
 B - 4 scrolls of amnesia
 D - 3 scrolls of blinking
 U - 6 scrolls of identify
Potions
 c - 5 potions of curing
 f - 2 potions of invisibility
 g - 3 potions of flight
 h - 4 potions of brilliance
 i - 5 potions of haste
 j - 4 potions of resistance
 l - a potion of mutation
 o - 6 potions of ambrosia
 r - 4 potions of attraction
 y - a potion of magic
 z - 2 potions of lignification
 C - 2 potions of might
 L - 2 potions of berserk rage


   Skills:
 + Level 12.6 Fighting
 - Level 18.0 Axes
 - Level 10.0 Throwing
 + Level 12.5 Armour
 + Level 7.6 Dodging
 - Level 5.0 Shields
 - Level 10.0 Evocations


You had 13 spell levels left.
You didn't know any spells.
Your spell library was empty.

Dungeon Overview and Level Annotations

Branches:
Dungeon (14/15)            Temple (0/1) D:5            Lair (5/5) D:10
 Shoals (2/4) Lair:3       Spider (1/4) Lair:2        Slime (0/5) Lair:4
Ossuary (visited)         Gauntlet (visited)
    Orc: D:9-12      Vaults: D:13-14

Altars:
Fedhas
Makhleb
Nemelex Xobeh
Okawaru
Uskayaw
Vehumet
Wu Jian
Yredelemnul

Shops:
D:4 *   D:11 :   D:14 (

Annotations:
D:3 1 runed translucent door
D:4 2 runed translucent doors, hawla's ghost, weakling MeFE
D:8 3 runed translucent doors, exclusion: orange crystal statue, turdburglar's ghost, novice OgBe
D:13 exclusion: statue
Lair:4 2 transporters, Kuerar's ghost, journeyman BaFi


Innate Abilities, Weirdness & Mutations

You have a pair of horns on your head.
You reflexively headbutt those who attack you in melee.


Message History

A centaur warrior comes into view. It is wielding a +0 shortbow.
A centaur comes into view.
The centaur warrior shoots an arrow.
The arrow hits you!
* * * LOW HITPOINT WARNING * * *
The centaur warrior shoots an arrow.
You block the arrow with an invisible shield... and reflect it back!
The arrow hits the centaur warrior!!
The centaur wields a +0 shortbow.
The centaur shoots an arrow.
The arrow closely misses you.
A centaur comes into view.
The centaur warrior shoots an arrow.
You block the arrow with an invisible shield... and reflect it back!
The arrow hits the centaur warrior!
The centaur warrior shoots an arrow.
The arrow closely misses you.
You hear a shout!
There is an open door here.
The +7 long sword hits you!
* * * LOW HITPOINT WARNING * * *
The +7 long sword attacks as you move away!
The +7 long sword hits you.
* * * LOW HITPOINT WARNING * * *
The +7 long sword misses you.
You open the door. You block the +7 long sword's attack.
The +7 long sword attacks as you move away!
The +7 long sword hits you.
* * * LOW HITPOINT WARNING * * *
The +7 long sword hits you!
* * * LOW HITPOINT WARNING * * *
There is an open door here.
The +7 long sword attacks as you move away!
The +7 long sword hits you!
* * * LOW HITPOINT WARNING * * *
The +7 long sword attacks as you move away!
You block the +7 long sword's attack.
The +7 long sword hits you but does no damage.
Your skin crawls.
You feel strong-willed. The +7 long sword hits you!!
* * * LOW HITPOINT WARNING * * *
The +7 long sword hits you!!
You die...

#.......# #.........#
#.......### #.........#
#####.....# ###...#####
#######)## ##.#### #........#
#.[†..#
#........#####..†).###########+
#........##..c..†.))..##.......
#........##.##(c...##..#.......
#........#..##@....###.'.......
#.......cc.###†....# ###.......
.........### #.....# #.......
.........# #...†.# #.......
........# #..†..# ########
#......## ####### .....#.
#....#. .......


You could see a centaur warrior, a centaur and a +7 long sword.

Vanquished Creatures
  Rupert (D:13)
  Louise (D:14)
  An orc warlord (D:11)
  A minotaur (Gauntlet)
  4 hydras
  An ogre mage (D:11)
  A catoblepas (D:9)
  A boulder beetle (D:11)
  3 centaur warriors
  2 two-headed ogres
  Urug (D:13)
  3 death yaks (Lair:5)
  3 skysharks
  3 skeletal warriors (D:13)
  A sea snake (Shoals:1)
  A lindwurm (Lair:4)
  An ugly thing (D:12)
  A deep elf zephyrmancer (D:11)
  A deep elf pyromancer (D:13)
  6 cyclopes
  3 manticores
  3 black mambas
  An apocalypse crab (Gauntlet)
  4 merfolk sirens
  A water nymph (Shoals:1)
  14 cane toads
  A torpor snail (Lair:2)
  3 gargoyles
  A cane toad (shapeshifter) (D:11)
  A tengu conjurer (D:14)
  3 rime drakes
  Maggie (D:7)
  2 komodo dragons
  4 efreet
  3 merfolk (Shoals:1)
  2 trolls
  4 red devils (D:14)
  A queen bee (D:14)
  11 polar bears
  3 meliai (D:14)
  2 hornets
  3 raiju (Lair:5)
  20 blink frogs
  5 dream sheep (Lair:5)
  2 slime creatures
  4 shadows
  3 wraiths
  A vampire (D:12)
  A yak (shapeshifter) (D:14)
  2 basilisks
  2 water elementals
  4 wyverns
  20 yaks
  A steam dragon (D:8)
  15 vampire mosquitoes
  5 redbacks (Lair:2)
  6 wargs (Lair:5)
  3 swamp worms (D:10)
  11 water moccasins
  12 hell hounds (Lair:5)
  2 orc warriors
  2 sky beasts
  14 black bears
  19 wolves (Lair:5)
  12 centaurs
  2 elf zombies (Ossuary)
  A phantom (D:7)
  3 kobold brigands
  7 bullfrogs
  A gnoll sergeant (D:11)
  7 scorpions
  13 wights
  30 killer bees
  3 electric eels
  5 howler monkeys
  2 lava snakes (Lair:2)
  2 hounds
  2 human zombies (Ossuary)
  6 jellies
  2 orc priests
  Crazy Yiuf (D:3)
  Jessica (D:2)
  9 orc wizards
  3 iguanas
  14 hell rats
  2 mummies (Ossuary)
  Robin (D:4)
  9 gnolls
  5 adders
  2 white imps (D:7)
  3 adder zombies (Ossuary)
  3 worms
  25 orcs
  2 bats
  7 endoplasms
  3 giant cockroaches
  11 goblins
  9 hobgoblins
  15 kobolds
  A quokka (D:2)
  5 ball pythons
  4 frilled lizards
  A goblin zombie (Ossuary)
  5 hobgoblin zombies (Ossuary)
  2 jackal zombies
  16 kobold zombies
  6 orc zombies (Ossuary)
  4 rats (D:1)
  2 rat zombies (Ossuary)
531 creatures vanquished.

Notes
Turn   | Place    | Note
-------+----------+-------------------------------------------
     0 | D:1      | Strat the Minotaur Berserker began the quest for the Orb.
     0 | D:1      | Reached XP level 1. HP: 19/19 MP: 0/0
   110 | D:1      | Reached skill level 4 in Axes
   134 | D:1      | Reached XP level 2. HP: 27/27 MP: 1/1
   165 | D:1      | Found a faded altar of an unknown god.
   352 | D:1      | Reached ** piety under Trog
   435 | D:2      | Reached XP level 3. HP: 33/33 MP: 2/2
   469 | D:2      | Noticed Jessica
   479 | D:2      | Killed Jessica
   565 | D:3      | Found a runed translucent door.
   565 | D:3      | Noticed a human
   572 | D:3      | Found a basalt altar of Yredelemnul.
   587 | D:3      | Found an ornate altar of the Wu Jian Council.
   613 | D:3      | Reached skill level 5 in Axes
   613 | D:3      | Reached XP level 4. HP: 41/41 MP: 3/3
   646 | D:3      | Noticed a sky beast
   669 | D:3      | Killed a sky beast
   670 | D:3      | Reached XP level 5. HP: 24/47 MP: 4/4
   730 | D:3      | Found a hide-covered altar of Uskayaw.
   795 | D:3      | Reached skill level 5 in Fighting
   795 | D:3      | Reached skill level 6 in Axes
   880 | D:3      | Found a runed translucent door.
   881 | D:3      | Noticed Crazy Yiuf
   896 | D:3      | Killed Crazy Yiuf
   941 | D:4      | Found Fuoreen's General Store.
   962 | D:4      | Reached XP level 6. HP: 46/56 MP: 5/5
  1028 | D:4      | Noticed Robin
  1039 | D:4      | Killed Robin
  1046 | D:4      | Reached *** piety under Trog
  1072 | D:4      | Bought a potion of curing for 36 gold pieces
  1072 | D:4      | Bought a scroll of teleportation for 36 gold pieces
  1092 | D:4      | Found a large runed translucent door.
  1092 | D:4      | Found a large runed translucent door.
  1122 | D:4      | Noticed hawla's ghost (weakling MeFE)
  1255 | D:4      | Reached skill level 7 in Axes
  1326 | D:5      | Entered Level 5 of the Dungeon
  1336 | D:5      | Reached XP level 7. HP: 62/62 MP: 6/6
  1347 | D:5      | Found a staircase to the Ecumenical Temple.
  1376 | D:5      | Reached skill level 5 in Armour
  1535 | D:5      | Found a sparkling altar of Nemelex Xobeh.
  1547 | D:5      | Found an iron altar of Okawaru.
  1717 | D:6      | Reached skill level 8 in Axes
  1834 | D:6      | You fall into a shaft and drop 2 floors!
  1870 | D:6      | Found a burning altar of Makhleb.
  1902 | D:6      | Reached XP level 8. HP: 69/70 MP: 7/7
  1911 | D:6      | Reached skill level 9 in Axes
  1987 | D:6      | Reached **** piety under Trog
  2119 | D:7      | Found a sand-covered staircase.
  2136 | Ossuary  | Entered an ossuary
  2153 | Ossuary  | Reached skill level 10 in Axes
  2320 | Ossuary  | Reached ***** piety under Trog
  2479 | D:7      | Reached XP level 9. HP: 77/81 MP: 8/8
  2659 | D:8      | Identified a scroll of acquirement
  2659 | D:8      | Acquired the ring "Forget-Me-Not" {rElec rF+ rN+ Will+
                  | rCorr}
  2746 | D:8      | Reached skill level 11 in Axes
  2970 | D:8      | Found a runed translucent gate.
  2971 | D:8      | Found a runed translucent gate.
  2971 | D:8      | Found a runed translucent gate.
  2971 | D:8      | Noticed turdburglar's ghost (novice OgBe)
  3089 | D:9      | Noticed a catoblepas
  3102 | D:9      | Killed a catoblepas
  3134 | D:9      | Reached skill level 12 in Axes
  3236 | D:9      | Noticed a troll
  3244 | D:9      | Killed a troll
  3321 | D:9      | Reached XP level 10. HP: 76/91 MP: 9/9
  3447 | D:10     | Entered Level 10 of the Dungeon
  3490 | D:10     | Found a staircase to the Lair.
  3510 | D:10     | Reached skill level 13 in Axes
  3520 | D:10     | Acquired 1127 gold pieces
  3604 | D:10     | Reached skill level 10 in Fighting
  3635 | D:10     | Reached skill level 14 in Axes
  3635 | D:10     | Reached skill level 10 in Armour
  3907 | D:10     | Found the +7 Throatcutter {drain, coup de grace}
  3911 | D:10     | Reached skill level 15 in Axes
  3961 | Lair:1   | Entered Level 1 of the Lair of Beasts
  3961 | Lair:1   | Noticed a skyshark
  3970 | Lair:1   | Killed a skyshark
  4019 | Lair:1   | Reached XP level 11. HP: 39/99 MP: 10/10
  4231 | Lair:2   | Reached skill level 16 in Axes
  4329 | Lair:2   | Paralysed by a hornet for 1 turns
  4467 | Lair:2   | You fall into a shaft and drop 2 floors!
  4467 | Lair:4   | Noticed an eight-headed hydra
  4477 | Lair:4   | Killed an eight-headed hydra
  4489 | Lair:4   | Found a transporter.
  4503 | Lair:3   | Reached skill level 17 in Axes
  4514 | Lair:3   | Noticed a four-headed hydra
  4520 | Lair:3   | Reached ****** piety under Trog
  4520 | Lair:3   | Received a gift from Trog
  4525 | Lair:3   | Killed a five-headed hydra
  4539 | Lair:4   | Noticed Kuerar's ghost (journeyman BaFi)
  4551 | Lair:4   | Found a transporter.
  4577 | Lair:4   | Found a staircase to the Slime Pits.
  4721 | Lair:3   | Reached skill level 1 in Throwing
  4721 | Lair:3   | Reached skill level 1 in Evocations
  4790 | Lair:2   | Reached skill level 18 in Axes
  4935 | Lair:2   | Found a hole to the Spider Nest.
  5143 | Lair:3   | Reached XP level 12. HP: 106/106 MP: 11/11
  5367 | Lair:3   | Reached skill level 5 in Throwing
  5522 | Lair:3   | Reached skill level 5 in Evocations
  5534 | Lair:3   | Found a staircase to the Shoals.
  5669 | Lair:4   | Noticed a boulder beetle
  5669 | Lair:4   | Noticed a death yak
  5977 | Lair:5   | Entered Level 5 of the Lair of Beasts
  6097 | Lair:5   | Received a gift from Trog
  6237 | Lair:5   | Found a blossoming altar of Fedhas.
  6371 | Lair:5   | Reached XP level 13. HP: 84/113 MP: 12/12
  6808 | Lair:5   | Reached skill level 10 in Throwing
  6949 | Lair:5   | Received a gift from Trog
  7177 | Spider:1 | Entered Level 1 of the Spider Nest
  7242 | Shoals:1 | Entered Level 1 of the Shoals
  7250 | Shoals:1 | Reached skill level 1 in Shields
  7401 | Shoals:1 | Reached skill level 10 in Evocations
  7703 | D:11     | Found a gate leading to a gauntlet.
  7713 | Gauntlet | Entered a Gauntlet
  7713 | Gauntlet | Found a transporter.
  7722 | Gauntlet | Found a transporter.
  7742 | Gauntlet | Found a transporter.
  7742 | Gauntlet | Found a transporter.
  7761 | Gauntlet | Found a transporter.
  7767 | Gauntlet | Reached skill level 5 in Shields
  7771 | Gauntlet | Found the ring of the Hare {EV+10}
  7779 | Gauntlet | Identified the ring "Gedig" {Str+3 Int+6}
  7793 | Gauntlet | Noticed a minotaur
  7806 | Gauntlet | Killed a minotaur
  7955 | D:11     | Found Bosew's Book Boutique.
  8230 | D:7      | Noticed Maggie
  8236 | D:7      | Killed Maggie
  8735 | D:11     | Found a runed translucent door.
  8764 | D:11     | Noticed an orc warlord
  8772 | D:11     | Killed an orc warlord
  8772 | D:11     | Received a gift from Trog
  8773 | D:11     | Reached XP level 14. HP: 102/122 MP: 13/13
  9135 | D:12     | Reached skill level 5 in Dodging
  9626 | D:13     | Found a radiant altar of Vehumet.
  9632 | D:13     | Noticed Rupert
  9641 | D:13     | Killed Rupert
  9704 | D:13     | Noticed Urug
  9722 | D:13     | Killed Urug
 10033 | D:14     | Noticed Louise
 10046 | D:14     | Killed Louise
 10250 | D:14     | Found Dotanuoraov's Antique Weapon Boutique.
 10345 | D:14     | Mangled by a +7 long sword

Illustrated notes

Levels and vault maps discovered:
D:1:      elethiomel_arrival_infinity_welcomes_careful_drivers,
          layout_loops_ring, shapermc_ecumenical_altar_acropolis,
          corexii_hall_statues_u, bh_walls_and_bars
D:2:      layout_loops_corners, minmay_tromino_mix6, uniq_jessica
D:3:      layout_basic, dk_yredelemnul_ordeal,
          nicolae_wu_jian_immortal_techniques, nicolae_uskayaw_dance_hall,
          nicolae_figureground_sparkle, uniq_crazy_yiuf_cottage
D:4:      layout_basic, ebering_ghost_disaster_area, serial_shops, shop,
          serial_bayou_pond_e, uniq_robin
D:5:      layout_cave_pools, tgw_xom, lemuel_blue_sif_altar,
          nemelex_xobeh_ov_fountains_minmay,
          mainiacjoe_overflow_concentric_impassable,
          minmay_temple_entry_crystal_x, st_stairs_5
D:6:      layout_cave_pools, zin_angel, lemuel_tele_altar, minmay_holes
D:7:      layout_cave_pools, enter_ossuary_3, corexii_hall_statues_s,
          uniq_maggie
D:8:      minmay_statue_hallways, layout_gridville,
          gammafunk_ghost_nasty_kobolds, minmay_misc_feat_four_crosses
D:9:      layout_cave_pools, kennysheep_orc_monster_closet_entryway,
          grunt_decor_fettered
D:10:     layout_small_grid, david_lair_generic, worms_lemuel
D:11:     layout_irregular_city, serial_shops, kennysheep_mini,
          gauntlet_entry_generic, minivault_13
D:12:     layout_cave_pods, serial_bayou_pond_c, amethyst_killhole
D:13:     layout_basic, minivault_14, vehumet_statue, uniq_rupert, uniq_urug
D:14:     layout_roguey [special_room_bee], erik_vaults_1, serial_shops, shop,
          lemuel_doored_altar, einodemon_armed_red_devil_minivault, uniq_louise
Lair:1:   layout_concentric_octagons
Lair:2:   layout_gridlike, nicolae_spider_entry_non_spiders, serial_forest,
          infiniplex_forest_lined_room_, infiniplex_forest_straight_2,
          infiniplex_forest_corner_1, infiniplex_forest_clump_long,
          infiniplex_forest_lined_2, infiniplex_forest_clump_small,
          infiniplex_forest_clump_diagonal, st_stairs_8
Lair:3:   layout_chaotic_city, elwin_shoals_entry_rooms, portal_ice_cave_rime,
          eino_small_chamber_without_monster
Lair:4:   layout_cave_pods, nicolae_slime_entry_field_trip,
          gammafunk_ghost_berserking_beasts
Lair:5:   hangedman_lair_caniforms_friends, layout_concentric_octagons,
          tgw_fedhas, serial_bayou_shore_a, lemuel_fruit_tree
Shoals:1: layout_shoals, serial_shops, shop, nicolae_shoals_nautilus_by_nature,
          nicolae_shoals_gull_way, uniq_mlioglotl
Shoals:2: layout_shoals, serial_shops, shop, abandoned_shop
Spider:1: layout_spider_delve

Skill      XL: |  1  2  3  4  5  6  7  8  9 10 11 12 13 14 |
---------------+-------------------------------------------+-----
Axes           | 4 5 6 7 8 10 12 15 18 | 18.0
Fighting       | 4 5 6 7 9 10 12 | 12.6
Armour         | 3 4 5 7 9 10 12 | 12.5
Throwing       | 3 8 10 | 10.0
Evocations     | 3 7 10 | 10.0
Shields        | 5 |  5.0
Dodging        | 4 7 |  7.6

Action                     |  1- 3 |  4- 6 |  7- 9 | 10-12 | 13-15 || total
---------------------------+-------+-------+-------+-------+-------++-------
  Melee: Hand axe          |    73 |   136 |    80 |       |       ||   289
         Headbutt          |     2 |    11 |    38 |    80 |   121 ||   252
         Punch             |       |     2 |     1 |       |       ||     3
         Battleaxe         |       |       |   171 |   394 |   136 ||   701
         Dire flail        |       |       |       |     6 |    13 ||    19
         Broad axe         |       |       |       |       |   427 ||   427
 Invoke: Berserk           |       |     1 |     2 |     4 |     6 ||    13
         Trog's Hand       |       |       |       |       |     4 ||     4
  Evoke: Wand              |       |       |     2 |     4 |       ||     6
    Use: Scroll            |       |     2 |    15 |     9 |    10 ||    36
         Potion            |       |       |       |     2 |     5 ||     7
   Stab: Invisible         |       |       |       |       |     9 ||     9
 Armour: Ring mail         |    23 |    17 |       |       |       ||    40
         Animal skin       |     1 |       |       |       |       ||     1
         Chain mail        |       |    56 |   185 |    53 |       ||   294
         Plate armour      |       |       |       |   215 |   280 ||   495
  Dodge: Dodged            |    42 |    60 |   117 |   212 |   392 ||   823
  Block: Buckler           |       |       |       |       |   138 ||   138
         Reflection        |       |       |       |       |     5 ||     5
